 Dungeon Crawl Stone Soup version 0.31.0-32-g396128a36d (webtiles) character file.

Game seed: 6965657368747790826

2549 nitefall the Cleaver (level 9, -4/118 HPs)
             Began as a Minotaur Berserker on Apr 18, 2024.
             Was an Elder of Trog.
             Slain by an orc warrior zombie (6 damage)
             ... in a bailey.
             The game lasted 00:08:54 (4390 turns).

nitefall the Cleaver (Minotaur Berserker)           Turns: 4390, Time: 00:08:54

Health: -4/118     AC: 11    Str: 23    XL:     9   Next: 30%
Magic:  8/8        EV: 10    Int:  4    God:    Trog [****..]
Gold:   204        SH:  0    Dex: 13    Spells: 8/8 levels left

rFire   . . .        d - +2 hand axe (elec)
rCold   . . .        x - orb {light}
rNeg    . . .        A - +0 chain mail
rPois   .            (helmet restricted)
rElec   .            B - +0 cloak
rCorr   .            (no gloves)
SInv    .            (no boots)
Will    .....        (no amulet) Stlth
                     (no ring)
HPRegen 0.39/turn    (no ring)
MPRegen 0.11/turn

%: no passive effects
@: berserking (expiring), lethally poisoned (-4 -> -5), glowing, very quick
A: horns 2, retaliatory headbutt
a: Renounce Religion, Berserk, Trog's Hand, Brothers in Arms


You were in a bailey.
You worshipped Trog.
Trog was greatly pleased with you.
You visited 1 branch of the dungeon, and saw 7 of its levels.
You also visited: Bailey.

You collected 274 gold pieces.
You spent 70 gold pieces at shops.

Inventory:

Hand Weapons
 d - a +2 hand axe of electrocution (weapon)
Missiles
 g - 59 stones (quivered)
 j - 5 javelins
 n - 2 boomerangs
 u - a throwing net
 y - 14 poisoned darts
Armour
 x - an orb of light (worn)
 A - a +0 chain mail (worn)
 B - a +0 cloak (worn)
Jewellery
 E - a ring of willpower
Wands
 b - a wand of mindburst (8)
 w - a wand of iceblast (9)
 F - a wand of flame (12)
Scrolls
 a - a scroll of brand weapon {unknown}
 c - 8 scrolls of identify {unknown}
 e - 3 scrolls of blinking {unknown}
 i - a scroll of silence {unknown}
 k - 3 scrolls of poison {unknown}
 l - a scroll of revelation {unknown}
 p - a scroll of fear {unknown}
 r - a scroll of vulnerability {unknown}
 s - a scroll of immolation {unknown}
 z - 2 scrolls of fog {unknown}
Potions
 f - a potion of enlightenment {unknown}
 h - 4 potions of mutation {unknown}
 m - 2 potions of ambrosia {unknown}
 o - a potion of brilliance {unknown}
 q - a potion of attraction {unknown}
 t - a potion of heal wounds
 v - a potion of invisibility {unknown}
 C - a potion of curing {unknown}
 D - 2 potions of magic {unknown}


   Skills:
 + Level 7.0 Fighting
 * Level 8.9 Axes
 + Level 4.7 Throwing
 + Level 6.0 Armour
 + Level 5.5 Dodging
 + Level 5.4 Shields


You had 8 spell levels left.
You didn't know any spells.
Your spell library was empty.

Dungeon Overview and Level Annotations

Branches:
Dungeon (7/15)             Temple (0/1) D:6          Bailey (1/1)

Altars:
Hepliaklqana
Makhleb
Ru
Sif Muna
Uskayaw
Wu Jian

Shops:
D:3 !(   D:5 =


Innate Abilities, Weirdness & Mutations

You have a pair of horns on your head.
You reflexively headbutt those who attack you in melee.


Message History

The gargoyle is moderately damaged.
You feel sick.
You hit the gargoyle. You headbutt the gargoyle.
The gargoyle is heavily damaged.
You feel sick.
The gargoyle hurls a stone arrow at you.
The stone arrow hits you!
* * * LOW HITPOINT WARNING * * *
You hit the gargoyle but do no damage.
The gargoyle is heavily damaged.
You hit the orc warrior zombie. You barely miss the gargoyle.
You headbutt the gargoyle!
The gargoyle is almost destroyed.
You slash the orc warrior zombie!
You feel sick.
The gargoyle hurls a stone arrow at you.
The stone arrow hits you!!
* * * LOW HITPOINT WARNING * * *
The orc warrior zombie hits you.
* * * LOW HITPOINT WARNING * * *
You hit the gargoyle.
The gargoyle is almost destroyed.
You slash the orc warrior zombie! You slash the orc zombie!
You destroy the orc zombie!
Trog accepts your kill.
* * * LOW HITPOINT WARNING * * *
You feel sick.
You hit the gargoyle.
You destroy the gargoyle!
Trog accepts your kill.
You hit the orc warrior zombie.
The orc warrior zombie hits you but does no damage.
Your Fighting skill increases to level 7!
Your Armour skill increases to level 6!
* * * LOW HITPOINT WARNING * * *
You feel sick.
You see here a +1 flail of venom.
You feel a strong urge to attack something.
* * * LOW HITPOINT WARNING * * *
You feel sick. The orc warrior zombie hits you.
You die...

♣ ♣♣♣♣...♣♣
♣♣♣...8...♣
..........########
.....8..8.'......#
..........#......#
....#######......#
.####..'..'......+
##.....#..###''#####
+......#....#..Z@).#
#......#....#......#
#....♣.######......#
#...♣.........##...#
#............##....#
#............ ....##
'....♣......# ...##
#........... ##...
##........


You could see an orc warrior zombie.

Vanquished Creatures
  A gargoyle (Bailey)
  Eustachio (D:5)
  A black bear (D:5)
  A centaur (D:5)
  A gnoll sergeant (D:6)
  A kobold brigand (D:7)
  3 scorpions (D:6)
  6 killer bees (D:7)
  8 vampire bats (Bailey)
  8 wolf zombies (Bailey)
  8 hounds
  A bombardier beetle (D:5)
  A jelly (D:6)
  An orc priest (D:5)
  2 sleepcaps
  Crazy Yiuf (D:5)
  4 orc wizards
  4 gnolls (D:6)
  9 adders
  2 ufetubi (D:5)
  A ribbon worm (D:3)
  2 dart slugs
  15 orcs
  6 ball pythons
  5 endoplasms
  3 giant cockroaches
  5 goblins
  8 hobgoblins
  2 jackals (D:4)
  15 kobolds
  2 quokkas (D:4)
  7 bats
  4 frilled lizards
  10 orc zombies (Bailey)
  5 rats
154 creatures vanquished.

Notes
Turn   | Place    | Note
-------+----------+-------------------------------------------
     0 | D:1      | nitefall the Minotaur Berserker began the quest for the
                  | Orb.
     0 | D:1      | Reached XP level 1. HP: 19/19 MP: 0/0
    81 | D:1      | Reached XP level 2. HP: 18/27 MP: 1/1
   416 | D:1      | Reached skill level 4 in Axes
   442 | D:1      | Found a faded altar of an unknown god.
   479 | D:2      | Found a burning altar of Makhleb.
   516 | D:2      | Reached XP level 3. HP: 33/33 MP: 2/2
   529 | D:2      | Reached ** piety under Trog
   567 | D:2      | Reached skill level 1 in Throwing
   887 | D:2      | Reached skill level 1 in Shields
  1095 | D:3      | Found Kusmek's Weapon Shoppe.
  1180 | D:3      | Found Poxeoth's Distillery.
  1183 | D:3      | Bought a potion of heal wounds for 70 gold pieces
  1397 | D:3      | Reached XP level 4. HP: 40/40 MP: 3/3
  1956 | D:4      | Reached XP level 5. HP: 47/47 MP: 4/4
  1959 | D:4      | Noticed a +0 hand axe
  1960 | D:4      | Noticed a +0 dagger
  1979 | D:4      | Reached skill level 5 in Axes
  2085 | D:4      | Found a hide-covered altar of Uskayaw.
  2281 | D:5      | Entered Level 5 of the Dungeon
  2301 | D:5      | Reached *** piety under Trog
  2328 | D:5      | Noticed a centaur
  2335 | D:5      | Killed a centaur
  2336 | D:5      | Reached XP level 6. HP: 37/55 MP: 5/5
  2409 | D:5      | Found a shimmering blue altar of Sif Muna.
  2516 | D:5      | Found Hecsuonka's Jewellery Boutique.
  2536 | D:5      | Noticed Eustachio
  2544 | D:5      | Killed Eustachio
  2545 | D:5      | Reached skill level 5 in Fighting
  2545 | D:5      | Reached skill level 6 in Axes
  2545 | D:5      | Reached XP level 7. HP: 61/61 MP: 6/6
  2615 | D:5      | Found a runed translucent door.
  2616 | D:5      | Noticed Crazy Yiuf
  2622 | D:5      | Killed Crazy Yiuf
  2626 | D:5      | Identified the +4 hammer of Context {antimagic, ^Drain
                  | rN+++ Str-3 Stlth+}
  3082 | D:5      | Found a faded altar of an unknown god.
  3082 | D:5      | Found a hazy altar of Hepliaklqana.
  3103 | D:5      | Found a faded altar of an unknown god.
  3332 | D:6      | Reached skill level 7 in Axes
  3332 | D:6      | Reached XP level 8. HP: 54/70 MP: 7/7
  3433 | D:6      | Found an ornate altar of the Wu Jian Council.
  3536 | D:6      | Found a sacrificial altar of Ru.
  3627 | D:6      | Found a staircase to the Ecumenical Temple.
  4032 | D:7      | Reached **** piety under Trog
  4039 | D:7      | Reached skill level 5 in Armour
  4070 | D:7      | Found a flagged portal.
  4089 | Bailey   | Entered a bailey
  4159 | Bailey   | Reached skill level 8 in Axes
  4162 | Bailey   | Reached skill level 5 in Dodging
  4317 | Bailey   | Reached XP level 9. HP: 77/78 MP: 8/8
  4319 | Bailey   | Reached skill level 5 in Shields
  4378 | Bailey   | Noticed a gargoyle
  4386 | Bailey   | HP: 4/117 [orc warrior zombie (3)]
  4388 | Bailey   | Killed a gargoyle
  4390 | Bailey   | Slain by an orc warrior zombie

Illustrated notes

Levels and vault maps discovered:
D:1:      elethiomel_arrival_shortcut, layout_rooms,
          hellmonk_ecumenical_altar_inner_sanctum
D:2:      layout_basic, basic_altar
D:3:      layout_basic, serial_shops, nicolae_shop_bloodbath_and_beyond, shop,
          kennysheep_potato
D:4:      layout_basic, dancing_weapons_uskayaw
D:5:      layout_cave_pools, nicolae_hepliaklqana_ecumenical_no_more,
          mainiacjoe_overflow_24_doors, grunt_ministairs_15,
          minmay_misc_feat_doors, fountainhead, minmay_shop_enchanted_jewellery,
          amethyst_killhole, uniq_crazy_yiuf_cottage, uniq_eustachio
D:6:      layout_loops_ring, mainiacjoe_overflow_surrounded_room,
          nicolae_ru_great_annihilating_truth, minmay_temple_entry_mini_moons
D:7:      layout_loops_corners, mainiacjoe_overflow_paths,
          nicolae_overflow_crystal_walls, enter_bailey_2, serial_shops,
          kennysheep_little_box
Bailey:   bailey_polearm_vampire_castle_hellmonk, bailey

Skill      XL: |  1  2  3  4  5  6  7  8  9 |
---------------+----------------------------+-----
Axes           | 4 5 6 7 8 |  8.9
Fighting       | 4 5 6 7 |  7.0
Throwing       | 1 2 3 4 |  4.7
Shields        | 1 2 3 4 5 |  5.4
Armour         | 3 4 5 6 |  6.0
Dodging        | 3 4 5 |  5.5

Action                     |  1- 3 |  4- 6 |  7- 9 || total
---------------------------+-------+-------+-------++-------
  Melee: Hand axe          |    67 |    59 |   155 ||   281
         Headbutt          |    10 |     9 |    31 ||    50
 Invoke: Trog's Hand       |       |     2 |     2 ||     4
         Berserk           |       |     1 |     2 ||     3
   Stab: Sleeping          |     1 |       |       ||     1
         Paralysed         |       |       |     1 ||     1
 Armour: Animal skin       |    14 |       |       ||    14
         Ring mail         |    14 |    16 |       ||    30
         Chain mail        |       |    26 |   136 ||   162
  Dodge: Dodged            |    38 |    53 |    95 ||   186
